 Dungeon Crawl Stone Soup version bcrawl-1.19-7-g22fd707d3b (webtiles) character file.

Game seed: 666177909425858034

8566 Mrkan the Covert (level 11, -2/62 HPs)
             Began as a Mana Stalker Monk on Nov 16, 2019.
             Was an Elder of Dithmenos.
             Slain by a six-headed hydra (8 damage)
             ... on level 7 of the Dungeon.
             The game lasted 00:26:39 (9773 turns).

Mrkan the Covert (Mana Stalker Monk)                Turns: 9773, Time: 00:26:39

Health: -2/62      AC:  8    Str: 13    XL:     11   Next: 32%
Magic:  0/17       EV: 20    Int: 12    God:    Dithmenos [****..]
Gold:   732        SH:  0    Dex: 22    Spells: 7/10 levels left

rFire    . . .     SeeInvis +   l - +1 dagger (venom)
rCold    . . .     Gourm    .   (no shield)
rNeg     . . .     Faith    .   z - +4 leather armour of the Wary Moons {Regen+ Dex+3}
rPois    .         Spirit   +   c - +1 hat
rElec    +         Reflect  .   v - scarf {repulsion}
rCorr    .         Harm     .   (no gloves)
MR       ++...                  (no boots)
Stlth    ++++++++..             d - amulet of guardian spirit
HPRegen  1.00/turn              H - ring of insulation
MPRegen  0.15/turn              h - ring of see invisible

@: wreathed by umbra, repel missiles
A: fangs 3, magic resistance 1, regeneration 1, antimagic bite, no potion heal
3, rot immunity, strong jaws
a: Shadow Step, Renounce Religion


You were on level 7 of the Dungeon.
You worshipped Dithmenos.
Dithmenos was greatly pleased with you.
You were not hungry.

You visited 3 branches of the dungeon, and saw 10 of its levels.
You also visited: Sewer.

You collected 1085 gold pieces.
You spent 353 gold pieces at shops.

Inventory:

Hand Weapons
 l - a +1 dagger of venom (weapon)
 x - the +6 arbalest "Embalmer" {penet, rElec rF+ rC+ Dex+4, unknown}
   (You found it on level 6 of the Dungeon)

   Ammo fired by it will pass through the targets it hits, potentially hitting
   all targets in its path until it reaches maximum range.
   It affects your dexterity (+4).
   It protects you from fire.
   It protects you from cold.
   It insulates you from electricity.
Missiles
 e - 89 curare-tipped needles
Armour
 c - a +1 hat (worn)
 v - a scarf of repulsion (worn)
 z - the +4 leather armour of the Wary Moons (worn) {Regen+ Dex+3}
   (You bought it in a shop on level 6 of the Dungeon)

   It affects your dexterity (+3).
   It increases your rate of regeneration.
 A - the +2 ratskin cloak {+Rats rN+}
   (You found it on level 6 of the Dungeon)

   It protects you from negative energy.
 F - a +0 troll leather armour
Jewellery
 d - an amulet of guardian spirit (around neck)
 h - a ring of see invisible (right hand)
 H - a ring of insulation (left hand)
Wands
 k - a wand of paralysis (26)
 p - a wand of acid (10)
 u - a wand of iceblast (3)
 G - a wand of flame (11)
 I - a wand of digging (12)
Scrolls
 b - 7 scrolls of teleportation
 i - 2 scrolls of remove curse
 j - 8 scrolls of identify
 q - 3 scrolls of fog
 C - 2 scrolls of enchant weapon
 E - a scroll of blinking
Potions
 a - a potion of might {unknown}
 g - a potion of lignification
 m - 2 potions of ambrosia
 n - a potion of resistance {unknown}
 o - 2 potions of curing {unknown}
 r - 2 potions of haste
 s - a potion of invisibility {unknown}
 t - a potion of berserk rage {unknown}
 D - 2 potions of agility {unknown}
Comestibles
 f - 17 rations {!d}


   Skills:
 - Level 4.4 Fighting
 * Level 7.0 Short Blades
 + Level 9.3 Dodging
 + Level 12.4 Stealth
 - Level 7.1 Hexes
 + Level 7.1 Invocations


You had 7 spell levels left.
You knew the following spells:

 Your Spells              Type           Power        Failure   Level  Hunger
a - Confuse               Hex            ###.....     7%          3    ####...

Your spell library contained the following spells:

 Spells                   Type           Power        Failure   Level  Hunger
 Corona                   Hex            ###....      2%          1    ##.....
 Tukima's Dance           Hex            ###.....     7%          3    ####...
 Ensorcelled Hibernation  Hex/Ice        #.....       16%         2    ###....
 Cause Fear               Hex            ###.......   22%         4    #####..
 Dazzling Spray           Conj/Hex       #.....       30%         3    ####...
 Bolt of Fire             Conj/Fire      #.........   100%        6    #######
 Dragon Form              Tmut           #......      100%        7    #######
 Dragon's Call            Summ           #.........   100%        9    #######
 Fire Storm               Conj/Fire      #.........   100%        9    #######


Dungeon Overview and Level Annotations

Branches:
Dungeon (8/12)             Temple (1/1) D:5            Lair (1/6) D:7
    Orc (0/1) D:8

Altars:
Ashenzari
Cheibriados
Dithmenos
Elyvilon
Fedhas
Gozag
Hepliaklqana
Kikubaaqudgha
Lugonu
Makhleb
Nemelex Xobeh
Okawaru
Qazlal
Sif Muna
Trog
Uskayaw
Vehumet
Wu Jian
Xom
Yredelemnul
Zin
The Shining One
Beogh

Shops:
D:6 [   D:7 %%?*

Annotations:
D:6 3 runed translucent doors, Beaer's ghost, novice FrWz


Innate Abilities, Weirdness & Mutations

You have razor-sharp teeth.
You are resistant to hostile enchantments. (MR+)
Your natural rate of healing is unusually fast.
Your bite disrupts and absorbs the magic of your enemies.
Potions cannot restore your health.
You are immune to rotting.
Your bites deal extra damage.


Message History

The six-headed hydra barely misses you. The six-headed hydra bites you!
* * * LOW HITPOINT WARNING * * *
You climb upwards.
Welcome back to the Dungeon!
There is a staircase to the Lair here.
Unknown command.
Casting: Confuse (safe; 7% risk of failure)
Confirm with . or Enter, or press ? or * to list all spells.
You don't have enough magic to cast that spell.
Unknown command.
Okay, then.
Casting: Confuse (safe; 7% risk of failure)
Confirm with . or Enter, or press ? or * to list all spells.
You don't have enough magic to cast that spell.
Unknown command.
The six-headed hydra bites you.
* * * LOW HITPOINT WARNING * * *
The six-headed hydra bites you!
* * * LOW HITPOINT WARNING * * *
The six-headed hydra barely misses you. The six-headed hydra bites you!
You die...

....# #.##..............# #.#
....#####.#...#.#########.# #..
÷.......#.......### #.# #.†
....###.#.........# #.# #.. ....#
#.#.######### #.# #.. ....#
#.#.##..PPP## #.# ##. .####
#<..#..PPPPP# #.# #. .#
###.#.PP...P# #.# #. .#
#..PPP.>@P# #.# ##. .###
##..P..D.P# ####.# #..
.#.######....PPPPP# ##.##.# #.#
......##[..P.PPPPP###...#.#####.#
.......'......PPPP#..............
#...#.##..#...PPPP###...#.#####.#
##.##.###.#.....PP# ##.#.(# #.#
..........##....P## ###.## #.#
#.##..###.###...## #.# #.#


You could see a six-headed hydra.

Vanquished Creatures
  A hydra (D:7)
  A tengu warrior (D:8)
  Joseph (D:7)
  A komodo dragon (D:7)
  2 trolls (D:8)
  Prince Ribbit (D:7)
  A hippogriff (D:7)
  10 yaks (D:7)
  3 hungry ghosts (D:8)
  A water moccasin (D:8)
  An orc warrior (D:5)
  A sky beast (D:7)
  An ice beast (D:8)
  2 black bears
  An ogre (D:8)
  A phantom (D:8)
  2 centaurs
  10 big kobolds
  4 bullfrogs
  A gnoll sergeant (D:4)
  2 scorpions
  A troll zombie (D:8)
  5 killer bees (D:7)
  5 wights (D:7)
  3 howler monkeys (D:7)
  A centaur zombie (D:6)
  3 crimson imps
  A bullfrog zombie (D:5)
  4 hounds
  4 orc wizards
  2 bullfrog skeletons
  3 jellies
  2 centaur skeletons
  5 orc priests
  Crazy Yiuf (D:5)
  3 iguanas
  3 worker ants
  A hell rat (D:6)
  7 ogre zombies (D:8)
  2 howler monkey zombies
  8 gnolls
  5 adders
  7 river rats
  2 shadow imps
  7 oozes
  An adder skeleton (D:5)
  3 worms
  3 dart slugs
  5 leopard geckos
  11 orcs
  5 giant cockroaches
  3 goblins
  18 hobgoblins
  6 jackals
  32 kobolds
  2 quokkas (D:3)
  6 ball pythons (Sewer)
  9 bats
  5 frilled lizards
  2 goblin skeletons (D:8)
  2 hobgoblin zombies (D:8)
  An orc skeleton (D:8)
  17 orc zombies (D:8)
  24 rats
288 creatures vanquished.

Vanquished Creatures (others)
  3 plants (D:7)
3 creatures vanquished.

Grand Total: 291 creatures vanquished

Notes
Turn   | Place    | Note
-------+----------+-------------------------------------------
     0 | D:1      | Mrkan the Vine Stalker Monk began the quest for the Orb.
     0 | D:1      | Reached XP level 1. HP: 13/13 MP: 3/3
    91 | D:1      | Reached XP level 2. HP: 16/18 MP: 2/4
   448 | D:1      | Reached XP level 3. HP: 22/22 MP: 5/5
  1310 | D:2      | Reached XP level 4. HP: 28/28 MP: 6/6
  1792 | D:3      | Reached skill level 4 in Stealth
  2140 | D:3      | Found a glowing drain.
  2174 | Sewer    | Entered a sewer
  2223 | Sewer    | Noticed a big kobold
  2279 | Sewer    | Killed a big kobold
  2279 | Sewer    | Reached XP level 5. HP: 14/32 MP: 4/7
  2328 | Sewer    | Noticed a big kobold
  2354 | Sewer    | Killed a big kobold
  2354 | Sewer    | Gained mutation: You have razor-sharp teeth. [Vine Stalker
                  | growth]
  2354 | Sewer    | Reached XP level 6. HP: 32/37 MP: 8/8
  2418 | Sewer    | Reached skill level 5 in Stealth
  2867 | Sewer    | Reached XP level 7. HP: 34/42 MP: 6/9
  2900 | Sewer    | Reached skill level 5 in Short Blades
  3733 | D:4      | HP: 1/43 [gnoll sergeant/+0 spear (5)]
  3980 | D:4      | Reached skill level 6 in Stealth
  4169 | D:4      | Gained mutation: Your bite disrupts and absorbs the magic
                  | of your enemies. [Mana Stalker growth]
  4169 | D:4      | Gained mutation: You are resistant to hostile enchantments.
                  | (MR+) [Mana Stalker growth]
  4169 | D:4      | Reached XP level 8. HP: 30/48 MP: 6/10
  4385 | D:3      | Reached skill level 5 in Dodging
  4758 | D:4      | Learned a level 3 spell: Confuse
  5007 | D:5      | Entered Level 5 of the Dungeon
  5017 | D:5      | Reached skill level 7 in Stealth
  5017 | D:5      | Reached skill level 1 in Hexes
  5171 | D:6      | Got a slimy arbalest
  5209 | D:6      | Found Ostios's Armour Shoppe.
  5216 | D:6      | Bought the +4 leather armour of the Wary Moons {Regen+
                  | Dex+3} for 353 gold pieces
  5442 | D:6      | Found the +2 ratskin cloak {+Rats rN+}
  5801 | D:6      | Found a runed translucent gate.
  5802 | D:6      | Found a runed translucent gate.
  5802 | D:6      | Identified the +7 dire flail "Vixets" {elec, *Contam +Blink
                  | Int+4 SInv}
  5802 | D:6      | Noticed Beaer's ghost (novice FrWz)
  5803 | D:6      | Found a runed translucent gate.
  5809 | D:6      | Found a roughly hewn altar of Beogh.
  6119 | D:5      | Reached skill level 8 in Stealth
  6119 | D:5      | Reached XP level 9. HP: 27/52 MP: 4/11
  6190 | D:5      | Found a shimmering blue altar of Sif Muna.
  6365 | D:5      | Reached skill level 5 in Hexes
  6513 | D:5      | Found a staircase to the Ecumenical Temple.
  6603 | Temple   | Entered the Ecumenical Temple
  6722 | Temple   | Became a worshipper of Dithmenos the Shadowed
  6722 | Temple   | Reached * piety under Dithmenos
  6722 | Temple   | Reached ** piety under Dithmenos
  6871 | D:5      | Found a runed door.
  6875 | D:5      | Noticed Crazy Yiuf
  6883 | D:5      | Killed Crazy Yiuf
  7038 | D:7      | Found Uqawka's Food Shoppe.
  7089 | D:7      | Noticed a komodo dragon
  7090 | D:7      | Found a staircase to the Lair.
  7113 | D:7      | Killed a komodo dragon
  7181 | D:7      | Found Zizxut's Food Boutique.
  7368 | D:7      | Reached skill level 9 in Stealth
  7410 | D:7      | Reached XP level 10. HP: 23/58 MP: 11/14
  7498 | D:7      | Reached skill level 10 in Stealth
  7590 | D:7      | Found Hega's Magic Scroll Boutique.
  7745 | D:7      | Reached *** piety under Dithmenos
  7763 | D:7      | Noticed Joseph
  7785 | D:7      | Killed Joseph
  7785 | D:7      | Reached skill level 5 in Invocations
  8039 | D:7      | Reached skill level 11 in Stealth
  8157 | D:7      | Found Jotenul's Assorted Antiques.
  8247 | D:7      | Noticed Prince Ribbit
  8263 | D:7      | Killed Prince Ribbit
  8491 | D:8      | Noticed a tengu warrior
  8519 | D:8      | Killed a tengu warrior
  8651 | D:8      | Found a staircase to the Orcish Mines.
  8766 | D:8      | Reached XP level 11. HP: 62/62 MP: 16/16
  8834 | D:8      | Reached **** piety under Dithmenos
  8852 | D:8      | Reached skill level 12 in Stealth
  9753 | Lair:1   | Entered Level 1 of the Lair of Beasts
  9753 | Lair:1   | Noticed a six-headed hydra
  9754 | Lair:1   | Noticed a six-headed hydra
  9763 | D:7      | Killed a six-headed hydra
  9773 | D:7      | Slain by a six-headed hydra

Skill      XL: |  1  2  3  4  5  6  7  8  9 10 11 |
---------------+----------------------------------+-----
Short Blades   | 3 4 5 6 7 |  7.0
Fighting       | 3 4 |  4.4
Stealth        | 4 5 6 8 9 11 12 | 12.4
Dodging        | 4 5 7 8 9 |  9.3
Hexes          | 4 7 |  7.1
Invocations    | 4 6 7 |  7.1

Action                   |  1- 3 |  4- 6 |  7- 9 | 10-12 || total
-------------------------+-------+-------+-------+-------++-------
Melee: Short sword       |   134 |   238 |   174 |       ||   546
       Bite              |    15 |    25 |   181 |   193 ||   414
       Dagger            |       |       |   408 |   458 ||   866
 Cast: Confuse           |       |       |       |     6 ||     6
  Use: Scroll            |       |     7 |     3 |     5 ||    15
 Stab: Sleeping          |    12 |     7 |    14 |    12 ||    45
       Distracted        |       |     1 |     1 |    10 ||    12
       Confused          |       |       |       |     2 ||     2
  Eat: Chunk             |     1 |     6 |    14 |    16 ||    37
Armor: Robe              |    25 |     1 |       |       ||    26
       Leather armour    |       |    30 |    49 |    62 ||   141
Dodge: Dodged            |    92 |   112 |   325 |   341 ||   870
       Deflected         |       |       |       |     2 ||     2
